[Event "GER-ch Youth U14 2019"]
[Site "Willingen"]
[Date "2019.06.11"]
[Round "4.8"]
[White "Eilenberg, Jonas"]
[Black "Farokhi, Keyvan"]
[Result "1-0"]
[ECO "A43"]
[WhiteElo "1934"]
[BlackElo "1963"]
[Annotator "NA"]
[PlyCount "117"]
[EventDate "2019.06.07"]
[EventType "swiss"]
[EventRounds "9"]
[EventCountry "GER"]
[SourceTitle "playchess.com"]
[Source "ChessBase"]
[SourceQuality "1"]
[TimeControl "40/5400+30:1800+30"]

1. d4 Nf6 2. Nf3 c5 3. d5 b5 4. c4 g6 5. Nbd2 b4 6. b3 Bg7 7. Bb2 O-O 8. e4 d6 9. Bd3 Bb7 10. O-O e5 11. dxe6 fxe6 12. Ng5 Re8 13. e5 dxe5 14. Nde4 Nxe4 15. Bxe4 Nc6 16. Qxd8 Raxd8 17. Rad1 Bf6 18. Nf3 Rxd1 19. Rxd1 Rd8 20. Rxd8+ Bxd8 21. Kf1 Bc7 22. Bxc6 Bxc6 23. Nxe5 Be4 24. Nd7 Bd3+ 25. Ke1 Bd6 26. Kd2 Bb1 27. Be5 Be7 28. Bb8 a5 29. Ba7 Bxa2 30. Bxc5 Bg5+ 31. Kc2 a4 32. bxa4 Bxc4 33. Bxb4 Bd5 34. g3 Bc6 35. Nc5 Be7 36. a5 Bxc5 37. Bxc5 Kf7 38. Kc3 Ke8 39. Kd4 Kd7 40. Ke5 Bd5 41. Be3 Bc4 42. Kf6 Bd3 43. Bh6 Kc6 44. Kxe6 Kb5 45. Kf6 Kxa5 46. Kg7 Kb5 47. Kxh7 Kc5 48. Kg7 Kd5 49. Kf6 Ke4 50. Be3 Kf3 51. Kg5 Bf5 52. h4 Bd7 53. Kxg6 Kg4 54. Bf4 Be8+ 55. Kf6 Kf3 56. Kg5 Kxf2 57. h5 Bc6 58. h6 Be4 59. Kf6 {[%emt 0:00:04] normal} 1-0

[Event "GER-ch Youth U14 2019"]
[Site "Willingen"]
[Date "2019.06.11"]
[Round "4.9"]
[White "Simukov, Erik"]
[Black "Elsner, Robert"]
[Result "0-1"]
[ECO "B76"]
[WhiteElo "1904"]
[BlackElo "1745"]
[Annotator "NA"]
[PlyCount "58"]
[EventDate "2019.06.07"]
[EventType "swiss"]
[EventRounds "9"]
[EventCountry "GER"]
[SourceTitle "playchess.com"]
[Source "ChessBase"]
[SourceQuality "1"]
[TimeControl "40/5400+30:1800+30"]

1. e4 c5 2. Nf3 d6 3. d4 cxd4 4. Nxd4 Nf6 5. Nc3 g6 6. Be3 Bg7 7. f3 O-O 8. Qd2 Nc6 9. O-O-O d5 10. Qe1 e5 11. Nxc6 bxc6 12. exd5 Nxd5 13. Bc4 Be6 14. Kb1 Qc7 15. Nxd5 cxd5 16. Bxd5 Rfc8 17. Bxa8 Qxc2+ 18. Ka1 Rxa8 19. Qa5 h5 20. Rd2 Qc4 21. Rhd1 Kh7 22. h3 Rc8 23. Rf2 e4 24. fxe4 Bd4 25. Rff1 Bxe3 26. Qa3 Rc6 27. Kb1 Bh6 28. g4 Ra6 29. Qb3 Qxe4+ {[%emt 0:00:20] normal} 0-1

[Event "GER-ch Youth U14 2019"]
[Site "Willingen"]
[Date "2019.06.11"]
[Round "4.10"]
[White "Arakelian, Aik"]
[Black "Schauties, Nico Antonio"]
[Result "1-0"]
[ECO "D00"]
[WhiteElo "1911"]
[BlackElo "1866"]
[Annotator "NA"]
[PlyCount "51"]
[EventDate "2019.06.07"]
[EventType "swiss"]
[EventRounds "9"]
[EventCountry "GER"]
[SourceTitle "playchess.com"]
[Source "ChessBase"]
[SourceQuality "1"]
[TimeControl "40/5400+30:1800+30"]

1. d4 d5 2. Nc3 Nf6 3. Bf4 Bf5 4. e3 e6 5. Nb5 Na6 6. a3 c6 7. Nc3 Nb8 8. Be2 Bd6 9. g4 Bg6 10. h4 Bxf4 11. exf4 h5 12. g5 Ng8 13. Bd3 Bxd3 14. Qxd3 Ne7 15. Nge2 Qc7 16. Qf3 Nf5 17. O-O-O Nd7 18. Ng3 Nf8 19. Nxh5 Ng6 20. Qg4 O-O-O 21. Ne2 c5 22. Kb1 cxd4 23. Nxd4 Nfxh4 24. f5 exf5 25. Nxf5 Qd7 26. Rxd5 {[%emt 0:01:30] normal} 1-0

[Event "GER-ch Youth U14 2019"]
[Site "Willingen"]
[Date "2019.06.11"]
[Round "4.11"]
[White "Roehr, Oliver"]
[Black "Bress, Aaron"]
[Result "1-0"]
[ECO "B41"]
[WhiteElo "1960"]
[BlackElo "1849"]
[Annotator "NA"]
[PlyCount "73"]
[EventDate "2019.06.07"]
[EventType "swiss"]
[EventRounds "9"]
[EventCountry "GER"]
[SourceTitle "playchess.com"]
[Source "ChessBase"]
[SourceQuality "1"]
[TimeControl "40/5400+30:1800+30"]

1. e4 c5 2. Nf3 e6 3. d4 cxd4 4. Nxd4 a6 5. c4 Qc7 6. Nc3 Nf6 7. Be2 Be7 8. O-O O-O 9. Qd3 Nc6 10. Nxc6 bxc6 11. f4 d6 12. b4 Rb8 13. a3 Rd8 14. Bb2 Bb7 15. f5 e5 16. Bf3 Rbc8 17. Kh1 Nd7 18. a4 Qb8 19. Rab1 c5 20. b5 a5 21. Rg1 Qc7 22. Rbf1 Nb6 23. g4 Qd7 24. g5 f6 25. Bc1 fxg5 26. Bxg5 Rf8 27. Rg4 Bxg5 28. Rxg5 Rf6 29. Rfg1 Rcf8 30. Qf1 R8f7 31. Rh5 Kh8 32. Qh3 h6 33. Be2 Ba8 34. Qh4 Bb7 35. Rhg5 Kh7 36. R5g3 Rxf5 37. Bg4 {[%emt 0:00:28] normal} 1-0

[Event "GER-ch Youth U14 2019"]
[Site "Willingen"]
[Date "2019.06.11"]
[Round "4.12"]
[White "Chassard, Cedric"]
[Black "Schubert, Nikita"]
[Result "1-0"]
[ECO "C54"]
[WhiteElo "1772"]
[BlackElo "1806"]
[Annotator "NA"]
[PlyCount "77"]
[EventDate "2019.06.07"]
[EventType "swiss"]
[EventRounds "9"]
[EventCountry "GER"]
[SourceTitle "playchess.com"]
[Source "ChessBase"]
[SourceQuality "1"]
[TimeControl "40/5400+30:1800+30"]

1. e4 e5 2. Nf3 Nc6 3. Bc4 Bc5 4. c3 Nf6 5. d4 exd4 6. cxd4 Bb4+ 7. Nbd2 d5 8. exd5 Nxd5 9. O-O O-O 10. a3 Bxd2 11. Bxd2 Bg4 12. Bg5 Qd7 13. Qd3 Bxf3 14. Qxf3 Nb6 15. Bd3 Qxd4 16. Qe4 f5 17. Qxd4 Nxd4 18. Be7 Rfe8 19. Bc5 Ne2+ 20. Kh1 g6 21. Bxb6 axb6 22. Rad1 Kf8 23. Bc4 Re7 24. g3 Rae8 25. Rd2 c6 26. a4 Re4 27. b3 R4e5 28. f4 Re4 29. Rd6 R8e7 30. Rfd1 Nc3 31. Rd8+ Kg7 32. R1d7 Kh6 33. Kg2 Kh5 34. Rd6 Ne2 35. Rf8 Nc1 36. Rg8 Re3 37. Rdxg6 Rd7 38. Rf6 Ree7 39. Rg5# {[%emt 0:00:17] normal} 1-0

[Event "GER-ch Youth U14 2019"]
[Site "Willingen"]
[Date "2019.06.11"]
[Round "4.13"]
[White "Deutsch, Christoph"]
[Black "Rockmann, Enno"]
[Result "1-0"]
[ECO "C01"]
[WhiteElo "1937"]
[BlackElo "1527"]
[Annotator "NA"]
[PlyCount "81"]
[EventDate "2019.06.07"]
[EventType "swiss"]
[EventRounds "9"]
[EventCountry "GER"]
[SourceTitle "playchess.com"]
[Source "ChessBase"]
[SourceQuality "1"]
[TimeControl "40/5400+30:1800+30"]

1. e4 e6 2. d4 d5 3. exd5 exd5 4. c4 c6 5. Nc3 Nf6 6. Bd3 Bd6 7. Nge2 Be6 8. c5 Bc7 9. b4 O-O 10. Bg5 Nbd7 11. O-O Qe8 12. f3 h6 13. Bh4 Nh5 14. Qd2 g5 15. Bg3 Nxg3 16. Nxg3 f5 17. Rae1 Qf7 18. Nh1 Rae8 19. Nf2 Nf6 20. Bc2 Qh5 21. Nh3 g4 22. Nf4 Qg5 23. fxg4 Bd7 24. Rxe8 Rxe8 25. Bxf5 Bxf5 26. gxf5 Nh5 27. Nce2 Rxe2 28. Qxe2 Nxf4 29. Qe8+ Kg7 30. g3 Nh5 31. Qd7+ Kf6 32. Qxc7 Qe3+ 33. Kg2 Qe2+ 34. Rf2 Qe4+ 35. Kh3 Kg5 36. Qd8+ Nf6 37. Rf4 Qe2 38. Qf8 Qh5+ 39. Rh4 Qxh4+ 40. gxh4+ Kh5 41. Qf7# {[%emt 0:30:05] normal} 1-0

[Event "GER-ch Youth U14 2019"]
[Site "Willingen"]
[Date "2019.06.11"]
[Round "4.14"]
[White "Bornholdt, Joa Max"]
[Black "Haack, Kevin"]
[Result "0-1"]
[ECO "D35"]
[WhiteElo "1754"]
[BlackElo "2033"]
[Annotator "NA"]
[PlyCount "110"]
[EventDate "2019.06.07"]
[EventType "swiss"]
[EventRounds "9"]
[EventCountry "GER"]
[SourceTitle "playchess.com"]
[Source "ChessBase"]
[SourceQuality "1"]
[TimeControl "40/5400+30:1800+30"]

1. d4 d5 2. c4 e6 3. Nc3 Nf6 4. cxd5 exd5 5. Bg5 Be7 6. e3 c6 7. Bd3 Nbd7 8. Nge2 h6 9. Bh4 Nh5 10. Bxe7 Qxe7 11. O-O O-O 12. Qd2 Nb6 13. Rae1 Bd7 14. Bb1 f5 15. Nc1 Rae8 16. Nd3 Nc4 17. Qe2 Qg5 18. f4 Qh4 19. Ne5 Nxe5 20. dxe5 g6 21. b4 Qd8 22. Na4 Ng7 23. Rc1 Ne6 24. Nc5 Qc7 25. Bd3 b6 26. Nxe6 Rxe6 27. Qc2 h5 28. h4 Bc8 29. Qb3 Qd7 30. Rfd1 Bb7 31. g3 Qe7 32. Qa4 Ra8 33. Qb3 Rc8 34. Bf1 c5 35. bxc5 bxc5 36. Bg2 c4 37. Qc3 Qc5 38. Rd2 Ra6 39. Kf2 Ra3 40. Qd4 Qxd4 41. exd4 Kf7 42. Bf3 Ke6 43. Rb2 Bc6 44. Bd1 c3 45. Rbc2 Ba4 46. Re2 Bxd1 47. Rxd1 c2 48. Rc1 Rxa2 49. Ke1 Rc4 50. Rd2 a5 51. Rd3 a4 52. Kd2 Rb2 53. Ra3 Rb3 54. Ra2 Rxg3 55. Rb2 Rxd4+ {[%emt 0:02:50] normal} 0-1

[Event "GER-ch Youth U14 2019"]
[Site "Willingen"]
[Date "2019.06.11"]
[Round "4.15"]
[White "Kosev, Momchil"]
[Black "Weidenhoefer, Max"]
[Result "1-0"]
[ECO "A06"]
[WhiteElo "1827"]
[BlackElo "1787"]
[Annotator "NA"]
[PlyCount "105"]
[EventDate "2019.06.07"]
[EventType "swiss"]
[EventRounds "9"]
[EventCountry "GER"]
[SourceTitle "playchess.com"]
[Source "ChessBase"]
[SourceQuality "1"]
[TimeControl "40/5400+30:1800+30"]

1. Nf3 d5 2. g3 Nf6 3. Bg2 e6 4. O-O Be7 5. d3 O-O 6. Nbd2 c5 7. Re1 Nc6 8. e4 dxe4 9. dxe4 Nd4 10. Nxd4 Qxd4 11. e5 Ne8 12. Qe2 Rb8 13. c3 Qd8 14. Ne4 b6 15. Bf4 Bb7 16. Rad1 Qc7 17. Qh5 Bxe4 18. Bxe4 g6 19. Qe2 Ng7 20. Bf3 Rbd8 21. h4 h5 22. Qb5 Rxd1 23. Rxd1 Rd8 24. Ra1 Nf5 25. a4 a5 26. Rc1 Qa7 27. Rc2 Kg7 28. Rd2 Rxd2 29. Bxd2 Qc7 30. Bf4 Qd8 31. Qc6 Kf8 32. Qa8 Qxa8 33. Bxa8 Ke8 34. Bc6+ Kf8 35. Kf1 Bd8 36. Ke2 Ne7 37. Bh6+ Kg8 38. Bb7 Bc7 39. Bf4 Nd5 40. Bxd5 exd5 41. e6 Bd8 42. Bc7 Be7 43. exf7+ Kxf7 44. Bxb6 Ke6 45. Bxa5 Kd7 46. Kd3 Kc6 47. b4 cxb4 48. cxb4 g5 49. hxg5 Bxg5 50. b5+ Kb7 51. Kd4 h4 52. gxh4 Bxh4 53. f3 {[%emt 0:00:13] normal} 1-0

[Event "GER-ch Youth U14 2019"]
[Site "Willingen"]
[Date "2019.06.11"]
[Round "4.16"]
[White "Tham, Nam"]
[Black "Kolmykov, Egor"]
[Result "1-0"]
[ECO "B28"]
[WhiteElo "1993"]
[BlackElo "1642"]
[Annotator "NA"]
[PlyCount "67"]
[EventDate "2019.06.07"]
[EventType "swiss"]
[EventRounds "9"]
[EventCountry "GER"]
[SourceTitle "playchess.com"]
[Source "ChessBase"]
[SourceQuality "1"]
[TimeControl "40/5400+30:1800+30"]

1. e4 c5 2. Nf3 a6 3. d4 cxd4 4. Nxd4 Nf6 5. Nc3 e5 6. Nb3 Bb4 7. Bc4 Bxc3+ 8. bxc3 O-O 9. O-O d6 10. Re1 b5 11. Bd5 Nxd5 12. Qxd5 Ra7 13. Ba3 Rd7 14. c4 Bb7 15. Qd3 bxc4 16. Qxc4 Qg5 17. Qe2 Rc8 18. c4 Nc6 19. Rad1 Rcd8 20. Rd2 a5 21. Qd1 Bc8 22. Rd5 a4 23. Na5 Nd4 24. Qxd4 Rc7 25. Qd3 Be6 26. Rxd6 Rxd6 27. Qxd6 Rc8 28. Nc6 Bh3 29. g3 Re8 30. Bc1 Qh5 31. Qd1 Bg4 32. Qd3 f5 33. Qd5+ Kf8 34. Ba3+ {[%emt 0:00:26] normal} 1-0

[Event "GER-ch Youth U14 2019"]
[Site "Willingen"]
[Date "2019.06.11"]
[Round "4.17"]
[White "Matthaei, Jakob"]
[Black "Gutewort, Paul Emil"]
[Result "1-0"]
[ECO "B06"]
[WhiteElo "1666"]
[BlackElo "1708"]
[Annotator "NA"]
[PlyCount "67"]
[EventDate "2019.06.07"]
[EventType "swiss"]
[EventRounds "9"]
[EventCountry "GER"]
[SourceTitle "playchess.com"]
[Source "ChessBase"]
[SourceQuality "1"]
[TimeControl "40/5400+30:1800+30"]

1. e4 g6 2. d4 Bg7 3. Nc3 d6 4. Be3 Nc6 5. f4 Bd7 6. Nf3 e5 7. Bc4 exd4 8. Nxd4 Nge7 9. O-O O-O 10. Qd2 Kh8 11. f5 Ne5 12. Be2 Ng8 13. g4 h6 14. Rf2 Kh7 15. Raf1 Bc6 16. fxg6+ Kxg6 17. Nf5 f6 18. h4 Kh7 19. g5 fxg5 20. hxg5 Ng6 21. Nxg7 Rxf2 22. Rxf2 Kxg7 23. gxh6+ Kh8 24. Bd4+ Ne5 25. Qf4 Qe8 26. h7 Kxh7 27. Rh2+ Kg7 28. Rg2+ Kh7 29. Bxe5 dxe5 30. Qf5+ Kh8 31. Rh2+ Nh6 32. Rxh6+ Kg7 33. Rh7+ Kg8 34. Bc4+ {[%emt 0:00:08] normal} 1-0

[Event "GER-ch Youth U14 2019"]
[Site "Willingen"]
[Date "2019.06.11"]
[Round "4.18"]
[White "Sinnhoefer, Joshua"]
[Black "Schulemann, Gero"]
[Result "1-0"]
[ECO "B43"]
[WhiteElo "1466"]
[BlackElo "1862"]
[Annotator "NA"]
[PlyCount "95"]
[EventDate "2019.06.07"]
[EventType "swiss"]
[EventRounds "9"]
[EventCountry "GER"]
[SourceTitle "playchess.com"]
[Source "ChessBase"]
[SourceQuality "1"]
[TimeControl "40/5400+30:1800+30"]

1. e4 c5 2. Nf3 e6 3. d4 cxd4 4. Nxd4 a6 5. Nc3 b5 6. Bd3 Bb7 7. f4 Nf6 8. e5 b4 9. Na4 Nd5 10. Be4 Qc7 11. O-O Be7 12. Kh1 Ne3 13. Bxe3 Bxe4 14. c3 Nc6 15. Nf3 Rb8 16. b3 O-O 17. c4 d6 18. exd6 Bxd6 19. Nd4 Nxd4 20. Qxd4 Ba8 21. Rac1 Rfd8 22. Qb2 Be7 23. Qf2 Qc6 24. Rfd1 Bh4 25. Qg1 Rxd1 26. Rxd1 Rd8 27. Rxd8+ Bxd8 28. Qf2 Qe4 29. Qd2 Bc7 30. Nc5 Qc6 31. h3 h6 32. Nd3 a5 33. Ne1 Qe4 34. Nf3 Bc6 35. Nd4 Qb1+ 36. Kh2 Be4 37. Nb5 a4 38. Nxc7 axb3 39. axb3 Qxb3 40. Na6 Qxc4 41. Nxb4 f5 42. Na2 Bb7 43. Qb4 Qc6 44. Qd2 Kf7 45. Nb4 Qe4 46. Nd3 Ba6 47. Nc5 Qc4 48. Qd7+ {[%emt 0:01:15] normal} 1-0

[Event "GER-ch Youth U14 2019"]
[Site "Willingen"]
[Date "2019.06.11"]
[Round "4.19"]
[White "Wellssow, Keoki"]
[Black "Haufe, Laurin"]
[Result "0-1"]
[ECO "A15"]
[WhiteElo "1509"]
[BlackElo "1995"]
[Annotator "NA"]
[PlyCount "107"]
[EventDate "2019.06.07"]
[EventType "swiss"]
[EventRounds "9"]
[EventCountry "GER"]
[SourceTitle "playchess.com"]
[Source "ChessBase"]
[SourceQuality "1"]
[TimeControl "40/5400+30:1800+30"]

1. c4 Nf6 2. g3 g6 3. Bg2 Bg7 4. Nc3 c5 5. e3 O-O 6. Nge2 Nc6 7. O-O d6 8. d3 a6 9. a3 Rb8 10. Rb1 Bd7 11. b4 b6 12. b5 axb5 13. Nxb5 Na5 14. Bd2 Bg4 15. h3 Bc8 16. Na7 Qc7 17. Nxc8 Rfxc8 18. Nc3 Nc6 19. Nb5 Qd7 20. Bxc6 Rxc6 21. Kh2 Rcc8 22. Rb3 h5 23. f4 e6 24. Qb1 Rb7 25. Nc3 Qc6 26. e4 Kh7 27. e5 dxe5 28. fxe5 Nd7 29. Bf4 Nxe5 30. Ne4 f5 31. Ng5+ Kg8 32. Qd1 Nf7 33. Nxf7 Kxf7 34. Re1 Re8 35. Be5 Bxe5 36. Rxe5 Qd6 37. Qe2 Qd4 38. Qe3 Qa1 39. Rb5 Ree7 40. d4 cxd4 41. Qh6 Qa2+ 42. Kg1 Qxc4 43. Qh7+ Kf6 44. Qh8+ Kg5 45. h4+ Kg4 46. Qh6 Rbc7 47. Qf4+ Kh3 48. Kf2 Qd3 49. Rb2 Rc3 50. Rd2 Qxg3+ 51. Qxg3+ Rxg3 52. Rxd4 Rg4 53. Rd3+ Kxh4 54. Rb3 {[%emt 0:01:12] normal} 0-1

[Event "GER-ch Youth U14 2019"]
[Site "Willingen"]
[Date "2019.06.11"]
[Round "4.20"]
[White "Wang, Xinyuan"]
[Black "Seng, Alexander"]
[Result "1/2-1/2"]
[ECO "E81"]
[WhiteElo "2060"]
[BlackElo "1505"]
[Annotator "NA"]
[PlyCount "74"]
[EventDate "2019.06.07"]
[EventType "swiss"]
[EventRounds "9"]
[EventCountry "GER"]
[SourceTitle "playchess.com"]
[Source "ChessBase"]
[SourceQuality "1"]
[TimeControl "40/5400+30:1800+30"]

1. d4 Nf6 2. c4 g6 3. Nc3 Bg7 4. e4 d6 5. f3 O-O 6. Be3 Nbd7 7. Nge2 c5 8. Qd2 Qa5 9. g4 a6 10. Nc1 cxd4 11. Bxd4 Nc5 12. g5 Nfd7 13. Bxg7 Kxg7 14. a3 Ne6 15. f4 f5 16. b4 Qd8 17. exf5 Rxf5 18. Bh3 Qf8 19. Bxf5 Qxf5 20. O-O Nb6 21. Qd3 Qxd3 22. Nxd3 Nxc4 23. Nd5 Bd7 24. Rae1 Re8 25. a4 Kf7 26. a5 Ng7 27. Nc1 Bc6 28. Ne3 Nd2 29. Ng4 Nf5 30. Ne2 Nxf1 31. Kxf1 Bd7 32. Nc3 Be6 33. Ne4 Rc8 34. Nh6+ Nxh6 35. gxh6 Bc4+ 36. Kf2 Rc7 37. Ng5+ Kg8 {[%emt 0:04:34] normal} 1/2-1/2

[Event "GER-ch Youth U14 2019"]
[Site "Willingen"]
[Date "2019.06.11"]
[Round "4.21"]
[White "Divry, Alexandre"]
[Black "May, Ben-Iven"]
[Result "0-1"]
[ECO "E92"]
[WhiteElo "1654"]
[BlackElo "1692"]
[Annotator "NA"]
[PlyCount "72"]
[EventDate "2019.06.07"]
[EventType "swiss"]
[EventRounds "9"]
[EventCountry "GER"]
[SourceTitle "playchess.com"]
[Source "ChessBase"]
[SourceQuality "1"]
[TimeControl "40/5400+30:1800+30"]

1. d4 Nf6 2. c4 g6 3. Nc3 Bg7 4. e4 d6 5. Be2 O-O 6. Nf3 e5 7. dxe5 dxe5 8. Qxd8 Rxd8 9. Bg5 Re8 10. Nd5 Nxd5 11. cxd5 c6 12. Bc4 Bd7 13. O-O Na6 14. Bxa6 bxa6 15. d6 f6 16. Be3 f5 17. Nd2 Re6 18. Bc5 Rb8 19. Nc4 Rb7 20. f3 Re8 21. Ba3 Rb5 22. Rfd1 Rf8 23. Nd2 Bh6 24. Nb3 Be3+ 25. Kf1 fxe4 26. Ke2 Bb6 27. Nd2 exf3+ 28. Nxf3 e4 29. Nd4 Bg4+ 30. Ke1 Rd5 31. Nxc6 Bf2+ 32. Kf1 e3 33. Ne7+ Kg7 34. Re1 Bxe1+ 35. Kxe1 e2 36. Nf5+ Rfxf5 {[%emt 0:00:15] normal} 0-1

[Event "GER-ch Youth U14 2019"]
[Site "Willingen"]
[Date "2019.06.11"]
[Round "4.22"]
[White "Straub, Benno"]
[Black "Wildermuth, Nikolas Karl"]
[Result "1-0"]
[ECO "B22"]
[WhiteElo "1490"]
[BlackElo "1748"]
[Annotator "NA"]
[PlyCount "25"]
[EventDate "2019.06.07"]
[EventType "swiss"]
[EventRounds "9"]
[EventCountry "GER"]
[SourceTitle "playchess.com"]
[Source "ChessBase"]
[SourceQuality "1"]
[TimeControl "40/5400+30:1800+30"]

1. e4 c5 2. c3 Nf6 3. e5 Nd5 4. d4 cxd4 5. cxd4 e6 6. Nf3 b6 7. Be2 Bb7 8. O-O d6 9. Nc3 Nxc3 10. bxc3 Nd7 11. Bf4 dxe5 12. Nxe5 Be7 13. Bb5 {[%emt 0:00:27] normal} 1-0

[Event "GER-ch Youth U14 2019"]
[Site "Willingen"]
[Date "2019.06.12"]
[Round "5.1"]
[White "Colbow, Collin"]
[Black "Krastev, Alexander"]
[Result "0-1"]
[ECO "B35"]
[WhiteElo "2169"]
[BlackElo "2344"]
[Annotator "NA RC"]
[PlyCount "93"]
[EventDate "2019.06.07"]
[EventType "swiss"]
[EventRounds "9"]
[EventCountry "GER"]
[SourceTitle "playchess.com"]
[Source "ChessBase"]
[SourceQuality "1"]
[TimeControl "40/5400+30:1800+30"]

1. e4 c5 2. Nf3 Nc6 3. d4 cxd4 4. Nxd4 g6 5. Nc3 Bg7 6. Be3 Nf6 7. Bc4 O-O 8. Bb3 Re8 9. O-O d6 10. h3 Na5 11. Qf3 b6 12. Rfd1 Bb7 13. Bg5 Nxb3 14. axb3 h6 15. Bxf6 Bxf6 16. Nd5 Bh8 17. Nb5 a6 18. Nbc3 Bg7 19. Qe3 b5 20. b4 e6 21. Nf4 Qc7 22. Rd3 Rac8 23. Qd2 Qb8 24. Nfe2 Bf8 25. b3 Rc7 26. Rd1 Rec8 27. Qe3 Bg7 28. Nb1 Bf8 29. Nbc3 Ba8 30. f3 Qa7 31. Kf2 Qxe3+ 32. Kxe3 Bg7 33. Kd2 Kf8 34. Rc1 h5 35. Nd1 d5 36. exd5 Bxd5 37. Ne3 Bh6 38. f4 Be4 39. Rd4 Bb7 40. g4 hxg4 41. Nxg4 Bg7 42. Ne5 g5 43. Rd3 gxf4 44. Nd7+ Ke7 45. Nc5 f3 46. Nd4 Bh6+ 47. Re3 {[%emt 0:00:48] normal} 0-1

[Event "GER-ch Youth U14 2019"]
[Site "Willingen"]
[Date "2019.06.12"]
[Round "5.2"]
[White "Bethke, Richard"]
[Black "Pubantz, Jan"]
[Result "1-0"]
[ECO "B12"]
[WhiteElo "2246"]
[BlackElo "2192"]
[Annotator "NA"]
[PlyCount "72"]
[EventDate "2019.06.07"]
[EventType "swiss"]
[EventRounds "9"]
[EventCountry "GER"]
[SourceTitle "playchess.com"]
[Source "ChessBase"]
[SourceQuality "1"]
[TimeControl "40/5400+30:1800+30"]

1. e4 c6 2. d4 d5 3. e5 Bf5 4. h4 h5 5. Bd3 Qd7 6. Ne2 Bxd3 7. Qxd3 e6 8. Nbc3 c5 9. dxc5 Nc6 10. Nd4 Bxc5 11. Nxc6 bxc6 12. Na4 Be7 13. Be3 Nh6 14. f3 Qd8 15. Qa6 Qc8 16. Qxc8+ Rxc8 17. Bc5 Rb8 18. Kd2 Rb5 19. Bf2 Kd7 20. b3 Nf5 21. Bxa7 c5 22. Rac1 Kc6 23. c4 dxc4 24. Rxc4 Rd8+ 25. Kc3 Ra8 26. Bxc5 Bxc5 27. Rd1 Raa5 28. Rd8 Kb7 29. Rd7+ Ka6 30. Rxf7 Bb6 31. Rc8 Rc5+ 32. Nxc5+ Rxc5+ 33. Rxc5 Bxc5 34. g4 hxg4 35. fxg4 Nxh4 36. Rxg7 Nf3 {[%emt 0:01:00] normal} 1-0

[Event "GER-ch Youth U14 2019"]
[Site "Willingen"]
[Date "2019.06.12"]
[Round "5.3"]
[White "Weihrauch, Jakob"]
[Black "Eilenberg, Jonas"]
[Result "1/2-1/2"]
[ECO "B33"]
[WhiteElo "2158"]
[BlackElo "1934"]
[Annotator "NA"]
[PlyCount "56"]
[EventDate "2019.06.07"]
[EventType "swiss"]
[EventRounds "9"]
[EventCountry "GER"]
[SourceTitle "playchess.com"]
[Source "ChessBase"]
[SourceQuality "1"]
[TimeControl "40/5400+30:1800+30"]

1. e4 c5 2. Nf3 Nc6 3. d4 cxd4 4. Nxd4 Nf6 5. Nc3 e5 6. Ndb5 d6 7. Bg5 a6 8. Na3 b5 9. Nd5 Be7 10. Bxf6 Bxf6 11. c3 O-O 12. Nc2 Rb8 13. Bd3 Be6 14. Nce3 Bg5 15. O-O Ne7 16. Nxe7+ Qxe7 17. Qe2 g6 18. a4 f5 19. exf5 gxf5 20. f4 Bxf4 21. axb5 Qa7 22. Rfe1 Qxe3+ 23. Qxe3 Bxe3+ 24. Rxe3 f4 25. Ree1 axb5 26. Ra6 Rfd8 27. g3 fxg3 28. hxg3 Rd7 {[%emt 0:03:26] normal} 1/2-1/2

[Event "GER-ch Youth U14 2019"]
[Site "Willingen"]
[Date "2019.06.12"]
[Round "5.4"]
[White "Musiolik, David"]
[Black "von Krosigk, Florian"]
[Result "0-1"]
[ECO "B92"]
[WhiteElo "2132"]
[BlackElo "1926"]
[Annotator "NA"]
[PlyCount "93"]
[EventDate "2019.06.07"]
[EventType "swiss"]
[EventRounds "9"]
[EventCountry "GER"]
[SourceTitle "playchess.com"]
[Source "ChessBase"]
[SourceQuality "1"]
[TimeControl "40/5400+30:1800+30"]

1. e4 c5 2. Nf3 d6 3. d4 cxd4 4. Nxd4 Nf6 5. Nc3 a6 6. Be2 e5 7. Nb3 Be7 8. O-O O-O 9. Re1 Be6 10. Bf3 Nc6 11. Nd5 a5 12. a4 Nb4 13. Nxb4 axb4 14. Bd2 d5 15. Bg5 Nxe4 16. Bxe7 Qxe7 17. Bxe4 dxe4 18. Rxe4 Qc7 19. Rxb4 Rac8 20. c3 Rfd8 21. Qf3 Bd5 22. Qe3 Qd6 23. f3 f6 24. Nd2 Bc6 25. Nc4 Qe6 26. a5 Rc7 27. Nb6 f5 28. Re1 e4 29. Rd4 Rf8 30. Qf4 Rcf7 31. Nc4 g5 32. Qd6 Qe8 33. Qc5 Rc7 34. b4 Qf7 35. Nd6 Qg7 36. b5 Be8 37. Qd5+ Bf7 38. Qxf5 Rxc3 39. Qxe4 Ra3 40. Nf5 Qf6 41. Rd6 Qc3 42. a6 bxa6 43. bxa6 Ra1 44. Ne7+ Kg7 45. Rxa1 Qxa1+ 46. Kf2 Re8 {[%emt 0:01:41] normal} 47. Kg3 {[%emt 0:00:00] normal} 0-1

[Event "GER-ch Youth U14 2019"]
[Site "Willingen"]
[Date "2019.06.12"]
[Round "5.5"]
[White "Lutz, Ruben"]
[Black "Elsner, Robert"]
[Result "1-0"]
[ECO "A45"]
[WhiteElo "2055"]
[BlackElo "1745"]
[Annotator "NA"]
[PlyCount "53"]
[EventDate "2019.06.07"]
[EventType "swiss"]
[EventRounds "9"]
[EventCountry "GER"]
[SourceTitle "playchess.com"]
[Source "ChessBase"]
[SourceQuality "1"]
[TimeControl "40/5400+30:1800+30"]

1. d4 Nf6 2. Bf4 g6 3. Nc3 Bg7 4. e4 d6 5. Qd2 Nbd7 6. O-O-O O-O 7. Nf3 c5 8. dxc5 Nxc5 9. e5 Nfe4 10. Nxe4 Nxe4 11. Qe3 d5 12. Kb1 f6 13. Bc4 e6 14. exf6 Bxf6 15. Bd3 Nd6 16. Be5 Nf5 17. Bxf5 gxf5 18. Rhe1 Bd7 19. Bxf6 Qxf6 20. Qe5 Rae8 21. Nd4 Qxe5 22. Rxe5 b5 23. Rd3 Kf7 24. Ra3 Ra8 25. Ra6 Rfe8 26. c3 {[%emt 0:03:43] normal} Rg8 27. g3 {[%emt 0:00:51] normal} 1-0

[Event "GER-ch Youth U14 2019"]
[Site "Willingen"]
[Date "2019.06.12"]
[Round "5.6"]
[White "Roehr, Oliver"]
[Black "Gallasch, Jonas"]
[Result "1/2-1/2"]
[ECO "B12"]
[WhiteElo "1960"]
[BlackElo "2137"]
[Annotator "NA"]
[PlyCount "92"]
[EventDate "2019.06.07"]
[EventType "swiss"]
[EventRounds "9"]
[EventCountry "GER"]
[SourceTitle "playchess.com"]
[Source "ChessBase"]
[SourceQuality "1"]
[TimeControl "40/5400+30:1800+30"]

1. e4 c6 2. d4 d5 3. e5 Bf5 4. h4 h5 5. Bd3 Bxd3 6. Qxd3 e6 7. Bg5 Qb6 8. Nd2 Ne7 9. Ne2 Nd7 10. O-O c5 11. c3 Nc6 12. Nf3 Rb8 13. Nf4 Be7 14. Rfb1 cxd4 15. cxd4 Bxg5 16. hxg5 Nb4 17. Qd2 g6 18. a3 Nc6 19. b4 Kf8 20. b5 Ne7 21. Qb4 a5 22. bxa6 bxa6 23. Qe1 Qa7 24. Rxb8+ Nxb8 25. Nd3 Nbc6 26. Qc3 Kg7 27. Rb1 Rc8 28. Qc5 Qxc5 29. dxc5 Rb8 30. Rxb8 Nxb8 31. Nd4 Nec6 32. Nb3 Kf8 33. f4 Ke8 34. Kf2 Kd8 35. Ke3 Kc7 36. g3 Ne7 37. Nb4 Nec6 38. Nxc6 Nxc6 39. Kd3 Kd7 40. Kc3 Kc7 41. Kd3 Kb7 42. Kc3 Na7 43. Nd4 Nc6 44. Nb3 a5 45. a4 Ka6 46. Nd4 Ne7 {[%emt 0:05:07] normal} 1/2-1/2